 Dungeon Crawl Stone Soup version 0.30.1 (webtiles) character file.

Game seed: 16690016950141225992

33 Fodor the Trooper (level 3, 0/33 HPs)
             Began as a Minotaur Fighter on July 9, 2023.
             Slain by an orc wizard
             ... wielding a +0 dagger
              (4 damage)
             ... on level 2 of the Dungeon.
             The game lasted 00:08:43 (1262 turns).

Fodor the Trooper (Minotaur Fighter)                Turns: 1262, Time: 00:08:43

Health: 0/33       AC:  7    Str: 22    XL:     3   Next: 12%
Magic:  2/2        EV:  9    Int:  5    God:
Gold:   64         SH:  4    Dex:  9    Spells: 2/2 levels left

rFire   . . .        a - +0 long sword
rCold   . . .        c - +0 buckler
rNeg    . . .        b - +0 scale mail
rPois   .            (helmet restricted)
rElec   .            (no cloak)
rCorr   .            (no gloves)
SInv    .            (no boots)
Will    .....        (no amulet) Stlth
                     (no ring)
HPRegen 0.25/turn    (no ring)
MPRegen 0.08/turn

%: no passive effects
@: no status effects
A: horns 2, retaliatory headbutt
a: no special abilities


You were on level 2 of the Dungeon.
You visited 1 branch of the dungeon, and saw 2 of its levels.

You collected 90 gold pieces.
You spent 26 gold pieces at shops.

Inventory:

Hand Weapons
 a - a +0 long sword (weapon)
Missiles
 e - 5 boomerangs (quivered)
 i - 4 datura-tipped darts
Armour
 b - a +0 scale mail (worn)
 c - a +0 buckler (worn)
Scrolls
 g - 2 scrolls of noise {unknown}
 h - 2 scrolls of vulnerability {unknown}
 k - 3 scrolls of teleportation {unknown}
 l - a scroll of identify {unknown}
 p - a scroll of silence {unknown}
Potions
 d - a potion of might
 f - 2 potions of brilliance {unknown}
 j - 2 potions of cancellation {unknown}
 m - a potion of degeneration {unknown}
 n - a potion of haste {unknown}
 o - a potion of berserk rage {unknown}


   Skills:
 + Level 4.2 Fighting
 + Level 2.9 Long Blades
 + Level 4.1 Armour
 + Level 0.2 Dodging
 + Level 3.9 Shields


You had 2 spell levels left.
You didn't know any spells.
Your spell library contained the following spells:

 Spells                   Type           Power      Damage    Failure   Level
 Magic Dart               Conj           0%         1d3       86%         1
 Call Imp                 Summ           0%         N/A       94%         2
 Inner Flame              Hex/Fire       0%         N/A       99%         3
 Mephitic Cloud           Conj/Pois/Air  0%         N/A       99%         3
 Yara's Violent Unravell  Hex/Tmut       0%         3d3       100%        5
 Enfeeble                 Hex            0%         N/A       100%        7


Dungeon Overview and Level Annotations

Branches:
Dungeon (2/15)

Altars:

Shops:
D:2 *!*=*


Innate Abilities, Weirdness & Mutations

You have a pair of horns on your head.
You reflexively headbutt those who attack you in melee.


Message History

You kill the orc!
Something hits you but does no damage.
The orc wizard mumbles some strange words.
The orc wizard flickers and vanishes!
Things that are here:
a +1 short sword of holy wrath; 2 boomerangs You hit the orc.
The orc is lightly wounded.
You block something's attack. The orc barely misses you.
You furiously retaliate!
You headbutt the orc.
You hear some strange, mumbled words.
A puff of flame appears from out of thin air!
The puff of flame hits you.
You hear some strange, mumbled words.
You are confused.
You miss the orc.
The orc is almost dead.
The orc hits you with a +0 hand axe. Something hits you.
Something hits you but does no damage.
You hit the orc.
You kill the orc!
Something hits you but does no damage. x2
Something hits you but does no damage.
Things that are here:
a +0 hand axe; a +0 flail; 2 boomerangs You bump into the rock wall.
Something hits you but does no damage.
You hear some strange, mumbled words.
A magic dart appears from out of thin air!
The magic dart hits you!
* * * LOW HITPOINT WARNING * * *
You bump into the rock wall.
You feel less confused. Something hits you.
* * * LOW HITPOINT WARNING * * *
Something hits you but does no damage.
You hit something but do no damage. Your headbutt misses something.
You hear some strange, mumbled words.
Something tries to affect you, but you resist.
Something hits you.
You die...

..........# ###.# #.##.
#####.###.## #.#.# #######
#.#.. #####......##.#..#
#.....# #^...
.......#..#..###.####.###.#
###..
#####....###.##....).∩..#.#
##. #.#.## ##.##.####.#.#.#
## #....###..#.## #.....#
###.#.#.##.### ###.###
#.....##.{@# #.###
#####.####{#### #...####
##.##.#.......# #......#
##<#.#.#.......# #.#.##.#
##.###..#......!# #.#..#.#
#.## ##.#.......# #.##.#.#
##.###.##......$# #.##.#.#
##.#.###.......# #......#
#∩.∩# #.......# ####.###


There were no monsters in sight!

Vanquished Creatures
  A dart slug (D:1)
  3 orcs (D:2)
  2 bats (D:1)
  2 endoplasms (D:1)
  3 giant cockroaches
  4 hobgoblins (D:1)
  2 kobolds (D:2)
  A quokka (D:2)
  4 ball pythons
  2 frilled lizards (D:2)
  A rat (D:1)
25 creatures vanquished.

Notes
Turn   | Place    | Note
-------+----------+-------------------------------------------
     0 | D:1      | Fodor the Minotaur Fighter began the quest for the Orb.
     0 | D:1      | Reached XP level 1. HP: 19/19 MP: 0/0
   225 | D:1      | Reached XP level 2. HP: 27/27 MP: 1/1
   553 | D:2      | Found Rimaygga's Assorted Antiques.
   562 | D:2      | Bought a scroll labelled VUHUXT ECZOZ for 26 gold pieces
   566 | D:2      | Found Abrodosm's Jewellery Shop.
   659 | D:2      | Found Lizamena's Distillery.
   716 | D:2      | Found Korapael's Assorted Antiques.
  1111 | D:2      | Found Zafremad's General Store.
  1253 | D:2      | Reached XP level 3. HP: 33/33 MP: 2/2
  1262 | D:2      | Slain by an orc wizard

Illustrated notes

Levels and vault maps discovered:
D:1:      dpeg_arrival_simpleton_b, layout_basic
D:2:      layout_loops_cross, serial_shops,
          nicolae_shop_competitors_out_of_business, shop, shop,
          nicolae_shop_tiny_real_fake_doors,
          nicolae_shop_competitors_out_of_business

Skill      XL: |  1  2 |
---------------+-------+-----
Fighting       | 4 |  4.2
Armour         | 4 |  4.1
Long Blades    | |  2.9
Dodging        | |  0.2
Shields        | |  3.9

Action                     || total
---------------------------++-------
  Melee: Long sword        ||    57
         Headbutt          ||    11
  Throw: Boomerang         ||     2
 Armour: Scale mail        ||    33
  Dodge: Dodged            ||    29
  Block: Buckler           ||    19
